 Dungeon Crawl Stone Soup version 0.21.1-1-g345015f (webtiles) character file.

12 shakethe the Chopper (level 2, 19/22 HPs)
             Began as a Demonspawn Gladiator on Feb 25, 2018.
             Quit the game on level 1 of the Dungeon.
             The game lasted 00:00:39 (240 turns).

shakethe the Chopper (Demonspawn Gladiator)          Turns: 240, Time: 00:00:39

Health: 19/22      AC:  5    Str: 14    XL:     2   Next: 20%
Magic:  2/2        EV: 12    Int:  9    God:
Gold:   51         SH:  0    Dex: 14    Spells: 1/1 levels left

rFire    . . .     SeeInvis +   a - +0 war axe
rCold    . . .     Gourm    .   (no shield)
rNeg     . . .     Faith    .   b - +0 leather armour
rPois    .         Spirit   .   c - +0 helmet
rElec    .         Reflect  .   (no cloak)
rCorr    .         Harm     .   (no gloves)
MR       .....                  i - +0 pair of boots
Stlth    +.........             (no amulet)
HPRegen  0.07/turn              g - ring of see invisible {sInv, !d}
MPRegen  0.08/turn              (no ring)

@: no status effects
A: claws 1
a: no special abilities


You were on level 1 of the Dungeon.
You were not hungry.

You visited 1 branch of the dungeon, and saw 1 of its levels.

You collected 51 gold pieces.

Inventory:

Hand Weapons
 a - a +0 war axe (weapon)
Missiles
 d - 3 throwing nets {=f, !d}
 l - 20 stones (quivered)
Armour
 b - a +0 leather armour (worn)
 c - a +0 helmet (worn)
 i - a +0 pair of boots (worn)
   (You found it on level 1 of the Dungeon)
Jewellery
 g - a ring of see invisible (left claw) {sInv, !d}
   (You found it on level 1 of the Dungeon)
Scrolls
 e - 3 scrolls of remove curse {unknown}
 h - a scroll of fear {unknown}
 j - a scroll of identify {unknown}
 m - a scroll of teleportation {unknown}
Potions
 k - a potion of flight {unknown}
Comestibles
 f - 2 rations


   Skills:
 + Level 2.2 Fighting
 * Level 3.0 Axes
 - Level 1.7 Throwing
 + Level 2.8 Dodging


You had one spell level left.
You didn't know any spells.

Dungeon Overview and Level Annotations

Branches:
Dungeon (1/15)

Altars:


Innate Abilities, Weirdness & Mutations

You have sharp fingernails.


Message History

You kill the goblin!
No target in view!
No target in view!
No target in view!
No target in view!
No target in view!
No target in view!
No target in view!
No target in view!
No target in view!
No target in view!
No target in view!
No target in view!
No target in view!
Things that are here:
a club; a goblin corpse No target in view!
k - an inky potion No target in view!
No target in view!
No target in view!
No target in view!
No target in view!
No target in view!
No target in view!
You now have 39 gold pieces (gained 12).
A hobgoblin comes into view. It is wielding a club.
Firing (i - inventory): No suitable missiles.
Aim: a hobgoblin, wielding a club (resting)
Okay, then.
Search for what [? for help]? stone A hobgoblin is nearby!
The hobgoblin shouts!
You slash the hobgoblin!
You kill the hobgoblin!
No target in view!
No target in view!
No target in view!
No target in view!
No target in view!
No target in view!
No target in view!
Search for what [Enter for "stone", or ? for help]? stone You see here a stone.
You see here a stone.
l - a stone Health restored: 16
l - 2 stones (gained 1)
There are no items here.
l - 3 stones (gained 1)
m - a scroll labeled YCYITU PELI No target in view!
No target in view!
No target in view!
No target in view!
No target in view!
No target in view!
No target in view!
No target in view!
No target in view!
l - 20 stones (gained 17)
You now have 51 gold pieces (gained 12).
A frilled lizard comes into view.
A frilled lizard and a bat come into view.
The frilled lizard hisses angrily. x2
An ooze comes into view.
The ooze quivers.
The bat hits you but does no damage.
You hit the bat.
You kill the bat!
A rat comes into view.
You miss the frilled lizard. The frilled lizard misses you.
You closely miss the frilled lizard. x2; The frilled lizard barely misses you.
The frilled lizard bites you but does no damage.
The frilled lizard closely misses you.
The frilled lizard bites you but does no damage.
You barely miss the frilled lizard. You closely miss the frilled lizard.
The frilled lizard bites you but does no damage.
The frilled lizard misses you.
You closely miss the frilled lizard. You hit the frilled lizard.
You kill the frilled lizard!
Your Axes skill increases to level 3!
The frilled lizard bites you.
You hit the ooze. You barely miss the frilled lizard.
The ooze hits you but does no damage. The frilled lizard misses you.
The ooze misses you.
You take 2 damage, and have 14/16 hp.
You hit the ooze. You closely miss the frilled lizard.
The frilled lizard barely misses you. The ooze closely misses you.
The frilled lizard closely misses you.
You slash the ooze!
You kill the ooze!
You have reached level 2!
You feel monstrous as your demonic heritage exerts itself.
Your demonic ancestry asserts itself...
Your fingernails lengthen.
You hit the frilled lizard. The frilled lizard barely misses you.
The rat bites you but does no damage.
You regained 5 hp, and now have 19/22 hp.
MP restored: 2

......# ......## .#
.......# #.# ### ##.#
.....#.# #.# ..##...#
.....#.####.# .........
.....#......####....#.#
......................#
#######.....####lr$.#
#.....#.##@#
#..........#
##......####
##.#.........
#.....#.##### #...#.#.#
#######.......#
.....####.#.###
##'##..##...#


You could see a frilled lizard and a rat.

Vanquished Creatures
  An ooze (D:1)
  A bat (D:1)
  A goblin (D:1)
  2 hobgoblins (D:1)
  A kobold (D:1)
  A frilled lizard (D:1)
7 creatures vanquished.

Notes
Turn   | Place    | Note
-------+----------+-------------------------------------------
     0 | D:1      | shakethe the Demonspawn Gladiator began the quest for the Orb.
     0 | D:1      | Reached XP level 1. HP: 16/16 MP: 1/1
   236 | D:1      | Reached skill level 3 in Axes
   239 | D:1      | Gained mutation: You have sharp fingernails. [demonic ancestry]
   239 | D:1      | Reached XP level 2. HP: 19/22 MP: 2/2
   240 | D:1      | Quit the game

Skill      XL: |  1 |
---------------+----+-----
Axes           | 3 |  3.0
Fighting       | |  2.2
Throwing       | |  1.7
Dodging        | |  2.8

Action                   || total
-------------------------++-------
Melee: War axe           ||    12
Armor: Leather armour    ||     7
Dodge: Dodged            ||    13

Vault maps used:
D:1:      dpeg_arrival_yet_another_circle

Table legend:
 A = Turns spent in this place as a percentage of turns spent in the entire game.
 B = Non-inter-level travel turns spent in this place as a percentage of non-inter-level travel turns spent in the entire game.
 C = Inter-level travel turns spent in this place as a percentage of turns spent in this place.
 D = Turns resting spent in this place as a percentage of non-inter-level travel turns spent in this place.
 E = Turns spent auto-exploring this place as a percentage of non-inter-level travel turns spent in this place.
 F = Non-inter-level travel turns spent in this place divided by the number of levels of this place that you've seen.
                   A       B       C       D       E      F
               +-------+-------+-------+-------+-------+----------------------
         Total | 100.0 | 100.0 |   4.6 |   0.0 |  79.9 | 229.0
       Dungeon | 100.0 | 100.0 |   4.6 |   0.0 |  79.9 | 229.0
               +-------+-------+-------+-------+-------+----------------------

Table legend:
 A = Kills in this place as a percentage of kills in entire the game.
 B = Kills by you in this place as a percentage of kills by you in the entire game.
 C = Kills by friends in this place as a percentage of kills by friends in the entire game.
 D = Other kills in this place as a percentage of other kills in the entire game.
 E = Experience gained in this place as a percentage of experience gained in the entire game.
 F = Experience gained in this place divided by the number of levels of this place that you have seen.
                   A       B       C       D       E      F
               +-------+-------+-------+-------+-------+----------------------
         Total | 100.0 | 100.0 |   N/A |   N/A | 100.0 |  18.0
       Dungeon | 100.0 | 100.0 |   N/A |   N/A | 100.0 |  18.0
               +-------+-------+-------+-------+-------+----------------------
